 Dungeon Crawl Stone Soup version 0.30.0-29-ga12c61a403 (webtiles) character file.

Game seed: 12009791024811801776

852 seaoflcl the Slasher (level 8, -3/61 HPs)
             Began as a Human Fighter on June 5, 2023.
             Was a Follower of Okawaru.
             Shot with a bolt by an orc warrior (19 damage)
             ... on level 6 of the Dungeon.
             The game lasted 00:12:04 (5998 turns).

seaoflcl the Slasher (Human Fighter)                Turns: 5998, Time: 00:12:05

Health: -3/61      AC: 12    Str: 19    XL:     8   Next: 21%
Magic:  8/8        EV:  7    Int:  9    God:    Okawaru [*.....]
Gold:   391        SH:  5    Dex: 12    Spells: 7/7 levels left

rFire   . . .        a - +0 long sword
rCold   . . .        c - +0 buckler
rNeg    . . .        m - +0 chain mail
rPois   .            (no helmet)
rElec   .            (no cloak)
rCorr   .            g - +0 pair of gloves
SInv    .            l - +0 pair of boots
Will    .....        (no amulet) Stlth
                     (no ring)
HPRegen 0.30/turn    (no ring)
MPRegen 0.11/turn

%: no passive effects
@: hasted, very quick
A: no striking features
a: Renounce Religion, Heroism


You were on level 6 of the Dungeon.
You worshipped Okawaru.
Okawaru was aware of your devotion.
You visited 1 branch of the dungeon, and saw 6 of its levels.

You collected 391 gold pieces.

Inventory:

Hand Weapons
 a - a +0 long sword (weapon)
 u - the +1 sling of Famine {freeze, rF- Str+2 Int+3}
   (You took it off an orc on level 5 of the Dungeon)

   Str:       It affects your strength (+2).
   Int:       It affects your intelligence (+3).
   rF:        It makes you vulnerable to fire.
Missiles
 z - 2 javelins
 D - 4 poisoned darts (quivered)
Armour
 c - a +0 buckler (worn)
 g - a +0 pair of gloves (worn)
 l - a +0 pair of boots (worn)
 m - a +0 chain mail (worn)
Jewellery
 f - a ring of flight
 y - a +6 ring of dexterity
Wands
 v - a wand of roots (25)
Scrolls
 h - 2 scrolls of torment {unknown}
 k - 6 scrolls of identify {unknown}
 n - 2 scrolls of brand weapon {unknown}
 o - 2 scrolls of noise {unknown}
 p - a scroll of amnesia {unknown}
 q - a scroll of enchant armour {unknown}
 r - a scroll of magic mapping {unknown}
 s - 3 scrolls of fog {unknown}
 C - a scroll of vulnerability {unknown}
Potions
 b - 2 potions of flight {unknown}
 d - 4 potions of might
 e - a potion of attraction {unknown}
 i - 4 potions of lignification {unknown}
 j - a potion of heal wounds {unknown}
 t - a potion of resistance {unknown}
 x - a potion of cancellation {unknown}
 A - 2 potions of berserk rage {unknown}
 B - 2 potions of brilliance {unknown}


   Skills:
 + Level 4.7 Fighting
 * Level 5.6 Long Blades
 + Level 1.8 Throwing
 + Level 4.8 Armour
 + Level 4.7 Shields


You had 7 spell levels left.
You didn't know any spells.
Your spell library contained the following spells:

 Spells                   Type           Power      Damage    Failure   Level
 Frozen Ramparts          Ice            0%         1d1       100%        3
 Ice Form                 Ice/Tmut       0%         N/A       100%        4
 Summon Ice Beast         Ice/Summ       Unusable   N/A       N/A         4

Dungeon Overview and Level Annotations

Branches:
Dungeon (6/15)             Temple (0/1) D:5

Altars:
Nemelex Xobeh
Okawaru
Yredelemnul

Shops:
D:3 [


Message History

You feel very sick.
The orc wizard hits you but does no damage.
You are more poisoned.
The orc warrior hits you from afar with a +0 trident.
You closely miss the orc wizard.
The orc wizard is moderately wounded.
You feel extremely sick. The orc wizard barely misses you.
The orc warrior hits you from afar with a +0 trident.
* * * LOW HITPOINT WARNING * * *
You feel better. The orc hits you with a +0 hand axe.
The orc wizard casts a spell at you. The puff of flame hits you.
The orc warrior hits you but does no damage.
You feel yourself speed up. The orc hits you with a +0 hand axe.
* * * LOW HITPOINT WARNING * * *
The orc wizard hits you but does no damage.
You are poisoned.
The orc warrior unwields a +0 trident.
The orc warrior wields a +0 arbalest.
The orc warrior shoots a bolt.
The bolt hits you.
* * * LOW HITPOINT WARNING * * *
You barely miss the orc wizard.
The orc wizard is moderately wounded.
You feel sick.
The orc wizard points at you and mumbles some strange words.
The magic dart hits you but does no damage.
The orc hits you but does no damage.
You closely miss the orc wizard.
The orc wizard is moderately wounded.
You feel sick.
The orc warrior shoots a bolt.
The bolt hits you but does no damage. The orc barely misses you.
The orc wizard barely misses you.
You slash the orc wizard!
The orc wizard is almost dead.
You feel sick.
The orc warrior shoots a bolt.
The bolt hits you but does no damage. The orc barely misses you.
The orc wizard hits you but does no damage.
You are more poisoned.
You feel better.
The orc warrior shoots a bolt.
The bolt hits you!!
You die...

..####.#.###.....## ..#
#.#..###.....##
..####.'...###.....#
####...#....####'##### #...#
#.[.#.....#.....#.## #...#
#...##....#.....#..## #...#
#...###...'.....'...###...####
#...# ##..#.....#....##.......
###.# ##.#.o@o.#.....#.......
..# #####'####....#....... ..'
#..o..###...'.......
##.....###..#.######
##.....###.#......<
##.....####....... #.....#
#....... ##+####........
..........


You could see an orc warrior, an orc wizard and an orc.

Vanquished Creatures
  An ice beast (D:5)
  An ogre (D:6)
  2 scorpions (D:5)
  A howler monkey (D:5)
  3 hounds
  A jelly (D:6)
  A sleepcap (D:4)
  An iguana (D:5)
  2 orc wizards
  7 gnolls
  12 adders
  A white imp (D:6)
  An ufetubus (D:6)
  2 worms
  3 dart slugs
  13 orcs
  8 endoplasms
  8 giant cockroaches
  6 goblins
  5 hobgoblins
  6 jackals
  2 quokkas
  2 ball pythons
  3 bats
  4 frilled lizards
  10 kobolds
  6 rats
112 creatures vanquished.

Notes
Turn   | Place    | Note
-------+----------+-------------------------------------------
     0 | D:1      | seaoflcl the Human Fighter began the quest for the Orb.
     0 | D:1      | Reached XP level 1. HP: 18/18 MP: 1/1
   142 | D:1      | Reached XP level 2. HP: 24/24 MP: 2/2
   491 | D:1      | Reached XP level 3. HP: 29/29 MP: 3/3
  1221 | D:2      | Reached XP level 4. HP: 35/35 MP: 4/4
  1361 | D:2      | Reached skill level 3 in Long Blades
  1977 | D:3      | Found Hepaf's Armour Shoppe.
  2122 | D:3      | Reached XP level 5. HP: 36/41 MP: 5/5
  2927 | D:4      | Reached skill level 4 in Long Blades
  2927 | D:4      | Reached XP level 6. HP: 34/48 MP: 6/6
  3376 | D:4      | Found Ocwuaxox's Assorted Antiques.
  3469 | D:4      | Found a sparkling altar of Nemelex Xobeh.
  3478 | D:4      | Found an iron altar of Okawaru.
  3490 | D:4      | Became a worshipper of Warmaster Okawaru
  3517 | D:4      | Found a basalt altar of Yredelemnul.
  3529 | D:4      | Identified the +1 pair of gloves of the Salamander {rF+
                  | Str-4 Slay+2}
  3636 | D:5      | Entered Level 5 of the Dungeon
  3834 | D:5      | Reached XP level 7. HP: 54/54 MP: 7/7
  4151 | D:5      | Reached skill level 1 in Throwing
  4240 | D:5      | Identified the +1 sling of Famine {freeze, rF- Str+2 Int+3}
  4254 | D:5      | Reached skill level 5 in Long Blades
  4457 | D:5      | Found a staircase to the Ecumenical Temple.
  4505 | D:5      | Reached * piety under Okawaru
  5595 | D:6      | Reached XP level 8. HP: 45/61 MP: 8/8
  5998 | D:6      | Shot with a bolt by an orc warrior

Illustrated notes

Levels and vault maps discovered:
D:1:      minmay_arrival_up_and_down, layout_loops_ring
D:2:      layout_basic, kennysheep_generic_room_14
D:3:      layout_basic, serial_shops, nicolae_shop_behind_doors
D:4:      layout_rooms, mainiacjoe_overflow_catch_the_wave,
          okawaru_metal_pillars_3, serial_shops, shop
D:5:      layout_cave_pools, temple_fountains, minmay_gold_behind_fungi,
          kennysheep_windowed_goal
D:6:      layout_basic, minmay_quadrilaterals

Skill      XL: |  1  2  3  4  5  6  7 |
---------------+----------------------+-----
Long Blades    | 3 4 5 |  5.6
Armour         | 4 |  4.8
Shields        | 4 |  4.7
Fighting       | 4 |  4.7
Throwing       | 1 |  1.8

Action                     |  1- 3 |  4- 6 |  7- 9 || total
---------------------------+-------+-------+-------++-------
  Melee: Long sword        |    76 |   258 |   122 ||   456
  Throw: Javelin           |       |     1 |    10 ||    11
         Dart              |       |       |    23 ||    23
  Evoke: Wand              |       |       |     2 ||     2
    Use: Potion            |       |       |     5 ||     5
 Armour: Scale mail        |    15 |       |       ||    15
         Chain mail        |    15 |   176 |    97 ||   288
  Dodge: Dodged            |    29 |    98 |    49 ||   176
  Block: Buckler           |    13 |    50 |    29 ||    92
